 Dungeon Crawl Stone Soup version 0.24.0-13-gcf9b319 (webtiles) character file.

Game seed: 7524910137897344674, levelgen mode: deterministic

224 Balder the Shield-Bearer (level 6, -6/53 HPs)
             Began as a Hill Orc Fighter on May 1, 2020.
             Killed from afar by Sigmund (10 damage)
             ... with a magic dart
             ... on level 3 of the Dungeon.
             The game lasted 00:10:26 (2864 turns).

Balder the Shield-Bearer (Hill Orc Fighter)         Turns: 2864, Time: 00:10:27

Health: -6/53      AC: 10    Str: 19    XL:     6   Next: 0%
Magic:  6/6        EV:  3    Int:  8    God:
Gold:   178        SH: 14    Dex: 12    Spells: 5/5 levels left

rFire    x . .     SeeInvis .   a - +0 war axe
rCold    + + .     Gourm    .   q - +0 large shield
rNeg     . . .     Faith    .   d - +0 chain mail
rPois    .         Spirit   .   l - +1 hat
rElec    .         Reflect  .   (no cloak)
rCorr    .         Harm     .   (no gloves)
MR       .....                  (no boots)
Stlth    ..........             (no amulet)
HPRegen  0.17/turn              p - ring of ice
MPRegen  0.10/turn              y - ring of protection from cold

@: hasted, very quick
A: no striking features
a: no special abilities


You were on level 3 of the Dungeon.
You were not hungry.

You visited 1 branch of the dungeon, and saw 4 of its levels.

You collected 178 gold pieces.

Inventory:

Hand Weapons
 a - a +0 war axe (weapon)
 r - a +0 morningstar
Missiles
 v - 8 javelins (quivered)
Armour
 d - a +0 chain mail (worn)
 l - a +1 hat (worn)
 q - a +0 large shield (worn)
 x - a +0 pair of gloves
Jewellery
 p - a ring of ice (left hand)
 y - a ring of protection from cold (right hand)
Wands
 A - a wand of digging (4)
Scrolls
 e - 3 scrolls of remove curse
 h - a scroll of noise {unknown}
 i - 3 scrolls of enchant weapon {unknown}
 j - 3 scrolls of teleportation {unknown}
 n - 4 scrolls of identify {unknown}
 o - a scroll of enchant armour {unknown}
 z - a scroll of amnesia {unknown}
Potions
 g - 2 potions of haste
 k - 3 potions of agility {unknown}
 m - 2 potions of degeneration {unknown}
 s - a potion of magic {unknown}
 t - 2 potions of brilliance {unknown}
 u - a potion of cancellation {unknown}
Comestibles
 b - 2 chunks of flesh
 f - 7 rations


   Skills:
 * Level 4.6 Fighting
 * Level 4.4(4.6) Axes
 * Level 1.3(2.7) Maces & Flails
 * Level 0.6 Throwing
 * Level 3.7 Armour
 * Level 1.1 Stealth
 * Level 4.7 Shields


You had 5 spell levels left.
You didn't know any spells.
Your spell library was empty.

Dungeon Overview and Level Annotations

Branches:
Dungeon (4/15)
 Temple: D:4-7

Altars:

Annotations:
D:3 Sigmund


Message History

Sigmund hits you but does no damage.
You completely miss Sigmund.
Sigmund is severely wounded.
Sigmund mumbles some strange words.
Sigmund flickers and vanishes!
Deactivating autopickup; reactivate with Ctrl-A.
You miss something. Something hits you.
* * * LOW HITPOINT WARNING * * *
You feel better. Something hits you.
* * * LOW HITPOINT WARNING * * *
You closely miss something. Something hits you.
* * * LOW HITPOINT WARNING * * *
You slash something! Something hits you.
* * * LOW HITPOINT WARNING * * *
It was a potion of haste.
You feel yourself speed up.
You miss something.
You hear some strange, mumbled words.
A magic dart appears from out of thin air!
The magic dart hits you!
You die...

###.>.###
#.......#########
...[.......)....#
#........######.#
###...##.# #.#
#...##.######.## ####
##........##...##.....
#....[...............
#..##.##.##.{@##..##
####..##.##.###.## ##
..........#.# #..
####.###.##.# ....
......##.##.##...#
.###..##.##.##..##
#.##..##.##.##..#
#.##........###.
......[....##


There were no monsters in sight!

Vanquished Creatures
  Jessica (D:2)
  Natasha (thrice) (D:2)
  8 adders
  A worm (D:3)
  2 dart slugs (D:2)
  5 bats (D:1)
  2 giant cockroaches
  9 goblins
  4 hobgoblins
  4 kobolds
  A quokka (D:2)
  A ball python (D:1)
  5 frilled lizards
  7 rats
53 creatures vanquished.

Vanquished Creatures (others)
  4 toadstools (D:1)
4 creatures vanquished.

Grand Total: 57 creatures vanquished

Notes
Turn   | Place    | Note
-------+----------+-------------------------------------------
     0 | D:1      | Balder the Hill Orc Fighter began the quest for the Orb.
     0 | D:1      | Reached XP level 1. HP: 19/19 MP: 1/1
   206 | D:1      | Reached XP level 2. HP: 27/27 MP: 2/2
  1000 | D:2      | Reached XP level 3. HP: 30/33 MP: 3/3
  1091 | D:2      | Noticed Jessica
  1106 | D:2      | Killed Jessica
  1276 | D:2      | You fall into a shaft and drop 2 floors!
  1294 | D:4      | Reached XP level 4. HP: 38/40 MP: 4/4
  1509 | D:2      | Reached skill level 1 in Stealth
  1829 | D:2      | Reached skill level 1 in Maces & Flails
  2061 | D:2      | Reached XP level 5. HP: 41/47 MP: 5/5
  2155 | D:2      | Noticed Natasha
  2187 | D:2      | Killed Natasha
  2261 | D:2      | Noticed Natasha
  2271 | D:2      | Killed Natasha
  2331 | D:2      | Noticed Natasha
  2342 | D:2      | Killed Natasha
  2821 | D:3      | Reached XP level 6. HP: 53/53 MP: 6/6
  2829 | D:3      | Noticed Sigmund
  2864 | D:3      | Killed from afar by Sigmund

Levels and vault maps discovered:
D:1:      ldierk_walled_garden_2, layout_basic, hex_medium
D:2:      minmay_general_purpose_star, layout_basic, hangedman_glass_teeth,
          uniq_natasha, uniq_jessica
D:3:      layout_loops_ring, nemelex_spade_bored_becter, uniq_sigmund
D:4:      layout_loops_ring, serial_shops, shop, shop, shop_coins,
          kennysheep_mini, first_ration

Skill      XL: |  1  2  3  4 |
---------------+-------------+-----
Axes           | 3 4 |  4.4
Fighting       | 4 |  4.6
Shields        | 4 |  4.7
Stealth        | 1 |  1.1
Maces & Flails | 1 |  1.3
Throwing       | |  0.6
Armour         | |  3.7

Action                   |  1- 3 |  4- 6 || total
-------------------------+-------+-------++-------
Melee: War axe           |   122 |   148 ||   270
  Use: Potion            |     1 |     2 ||     3
       Scroll            |       |     1 ||     1
  Eat: Chunk             |     1 |     3 ||     4
       Ration            |       |     1 ||     1
Armor: Scale mail        |    49 |       ||    49
       Chain mail        |     2 |    60 ||    62
Dodge: Dodged            |    39 |    10 ||    49
Block: Shield            |    49 |       ||    49
       Large shield      |    19 |   109 ||   128
